 Dungeon Crawl Stone Soup version 0.26.0-10-g1f06aea511 (webtiles) character file.

Game seed: 1609167552496390188

88 Arum the Skirmisher (level 4, 37/37 HPs)
             Began as a Mummy Fighter on Jan 19, 2021.
             Was a Follower of Fedhas.
             Safely got out of the dungeon.
             The game lasted 00:03:17 (1924 turns).

Arum the Skirmisher (Mummy Fighter)                 Turns: 1924, Time: 00:03:17

Health: 37/37      AC:  7    Str: 20    XL:     4   Next: 30%
Magic:  4/4        EV:  7    Int:  7    God:    Fedhas [*.....]
Gold:   94         SH:  9    Dex: 11    Spells: 3/3 levels left

rFire    x . .     SeeInvis .   a - +0 flail
rCold    + . .     Faith    .   c - +0 kite shield
rNeg     + + +     Spirit   .   b - +0 scale mail
rPois    ∞         Reflect  .   (no helmet)
rElec    .         Harm     .   (no cloak)
rCorr    .         Rampage  .   (no gloves)
Will     .....                  d - +0 pair of boots
Stlth    ..........             (no amulet)
HPRegen  0.12/turn              (no ring)
MPRegen  0.09/turn              (no ring)

@: no status effects
A: no potions, fire vulnerability, cold resistance 1, negative energy resistance
3, torment resistance, unbreathing
a: Renounce Religion


You escaped.
You worshipped Fedhas.
Fedhas was aware of your devotion.
You visited 1 branch of the dungeon, and saw 3 of its levels.

You collected 94 gold pieces.

Inventory:

Hand Weapons
 a - a +0 flail (weapon)
Armour
 b - a +0 scale mail (worn)
 c - a +0 kite shield (worn)
 d - a +0 pair of boots (worn)
 e - a +0 plate armour
Jewellery
 k - an uncursed ring of poison resistance {unknown}
 m - a +4 ring of slaying {unknown}
Scrolls
 f - 2 scrolls of noise {unknown}
 g - 3 scrolls of identify {unknown}
 h - a scroll of magic mapping {unknown}
 i - a scroll of teleportation {unknown}
 j - 2 scrolls of enchant armour {unknown}
 l - 2 scrolls of remove curse {unknown}


   Skills:
 + Level 3.8 Fighting
 + Level 2.5 Maces & Flails
 - Level 2.4 Armour
 + Level 3.1 Shields


You had 3 spell levels left.
You didn't know any spells.
Your spell library was empty.

Dungeon Overview and Level Annotations

Branches:
Dungeon (3/15)

Altars:
Fedhas


Innate Abilities, Weirdness & Mutations

You do not drink.
Your flesh is vulnerable to fire.
You are immune to poison.
Your flesh is cold resistant. (rC+)
You are immune to negative energy. (rN+++)
You are immune to unholy pain and torment.
You can survive without breathing.


Message History

No target in view!
No target in view!
No target in view!
No target in view!
(D) Dungeon
Where to? (Enter - D:1 @ (x,y), ? - help)
What level of the Dungeon? (default 1, ? - help)
Found 16 gold pieces.
There is a stone staircase leading up here.
You climb upwards.
There is a stone staircase leading down here.
You see here a +0 club.
There is a stone staircase leading up here.
You climb upwards.
There is a stone staircase leading down here.
There is a fountain of clear blue water here.
There is an open door here.
There is a staircase leading out of the dungeon here.
Are you sure you want to leave the Dungeon?
This will make you lose the game!
You have escaped!

############ ##########
#..........# #.........
#######..........# #........[
...#.............# #.........
...#.............#### #.........
...#.......##.......# #........#
...#..........⌠...⌠.# #........#
...#.......#...###..####........#
...#.......##..#@#.....+........'
...#.......##..#'#....##........#
...).......##.⌠...⌠...##.........
......................#####+#####
#..####...##.................# #
..## ###.###########........####
.########..#......# #........'..'
## #......(.......# #........'###
# #..............# #......!.....


There were no monsters in sight!

Vanquished Creatures
  A hound zombie (D:2)
  3 adders (D:2)
  3 leopard geckos (D:2)
  2 bats (D:2)
  3 giant cockroaches
  7 goblins
  4 hobgoblins
  A frilled lizard (D:3)
  11 kobolds
  7 rats
42 creatures vanquished.

Notes
Turn   | Place    | Note
-------+----------+-------------------------------------------
     0 | D:1      | Arum the Mummy Fighter began the quest for the Orb.
     0 | D:1      | Reached XP level 1. HP: 18/18 MP: 1/1
   559 | D:2      | Reached XP level 2. HP: 24/24 MP: 2/2
   878 | D:2      | Reached XP level 3. HP: 16/29 MP: 3/3
  1442 | D:2      | Reached XP level 4. HP: 31/37 MP: 4/4
  1699 | D:3      | Found a faded altar of an unknown god.
  1717 | D:3      | Became a worshipper of Fedhas Madash
  1717 | D:3      | Reached * piety under Fedhas
  1924 | D:$      | Safely got out of the dungeon.

Illustrated notes

Levels and vault maps discovered:
D:1:      scummos_arrival_simple_fountains, layout_basic
D:2:      minmay_wonky_spiral, layout_loops_cross,
          chequers_serial_rivers_micro_c
D:3:      layout_loops_cross, chequers_ecumenical_altar_simple_redux,
          corner_web_ring

Skill      XL: |  1  2  3 |
---------------+----------+-----
Maces & Flails | 2 |  2.5
Shields        | 3 |  3.1
Fighting       | |  3.8
Armour         | |  2.4

Action                   |  1- 3 |  4- 6 || total
-------------------------+-------+-------++-------
Melee: Flail             |   146 |    30 ||   176
Armor: Scale mail        |    88 |    14 ||   102
Dodge: Dodged            |    53 |    12 ||    65
Block: Kite shield       |    76 |    13 ||    89
